 Dungeon Crawl Stone Soup version 0.29.1-2-gbd0b4ee654 (webtiles) character file.

Game seed: 5040006591612056114

258 hawla the Chiller (level 5, 0/28 HPs)
             Began as a Deep Elf Ice Elementalist on Nov 24, 2022.
             Was an Initiate of Vehumet.
             Killed from afar by an orc wizard (12 damage)
             ... with a puff of flame
             ... on level 4 of the Dungeon.
             The game lasted 00:06:51 (3459 turns).

hawla the Chiller (Deep Elf Ice Elementalist)       Turns: 3459, Time: 00:06:51

Health: 0/28       AC:  3    Str:  5    XL:     5   Next: 94%
Magic:  10/14      EV: 17    Int: 22    God:    Vehumet [......]
Gold:   161        SH:  0    Dex: 15    Spells: 6/14 levels left

rFire   . . .      SeeInvis .   i - +4 quarterstaff (chaos)
rCold   . . .      Faith    .   (shield currently unavailable)
rNeg    . . .      Spirit   .   a - +0 robe
rPois   .          Reflect  .   (no helmet)
rElec   .          Harm     .   j - +0 cloak
rCorr   .          Rampage  .   (no gloves)
Will    .....                   (no boots)
Stlth   ++........              (no amulet)
HPRegen 0.09/turn               s - +4 ring of evasion
MPRegen 0.14/turn               (no ring)

@: freezing walls
A: no striking features
a: Renounce Religion


You were on level 4 of the Dungeon.
You worshipped Vehumet.
Vehumet was noncommittal.
You visited 2 branches of the dungeon, and saw 5 of its levels.

You collected 161 gold pieces.

Inventory:

Hand Weapons
 i - a +4 quarterstaff of chaos (weapon)
Armour
 a - a +0 robe (worn)
 j - a +0 cloak (worn)
Jewellery
 s - a +4 ring of evasion (left hand)
Scrolls
 c - a scroll of teleportation {unknown}
 e - a scroll of magic mapping
 h - a scroll of butterflies {unknown}
 k - a scroll of poison {unknown}
 l - 2 scrolls of enchant weapon {unknown}
 o - a scroll of fear {unknown}
 p - 3 scrolls of identify {unknown}
 q - a scroll of amnesia {unknown}
 t - a scroll of noise {unknown}
 u - a scroll of enchant armour {unknown}
Potions
 b - 2 potions of magic
 d - 2 potions of curing {unknown}
 f - 2 potions of haste {unknown}
 g - a potion of brilliance {unknown}
 m - 4 potions of heal wounds {unknown}
 n - a potion of lignification {unknown}
 r - a potion of flight {unknown}


   Skills:
 - Level 0.1 Fighting
 - Level 0.5 Staves
 - Level 3.0 Dodging
 - Level 2.4 Stealth
 - Level 5.2 Spellcasting
 + Level 2.6 Conjurations
 - Level 6.0 Ice Magic


You had 6 spell levels left.
You knew the following spells:

 Your Spells              Type           Power      Damage    Failure   Level
a - Freeze                Ice            100%       1d11      1%          1
b - Frozen Ramparts       Ice            64%        1d10      2%          3
c - Hailstorm             Conj/Ice       24%        3d7       17%         4

Your spell library contained the following spells:

 Spells                   Type           Power      Damage    Failure   Level
 Ozocubu's Armour         Ice            32%        N/A       2%          3
 Ensorcelled Hibernation  Hex/Ice        36%        N/A       4%          2
 Apportation              Tloc           10%        N/A       10%         1
 Passwall                 Tmut/Erth      4%         N/A       16%         2
 Call Canine Familiar     Summ           5%         N/A       30%         3
 Portal Projectile        Hex/Tloc       10%        N/A       30%         3
 Swiftness                Air            5%         N/A       30%         3
 Leda's Liquefaction      Hex/Erth       2%         N/A       69%         4
 Alistair's Intoxication  Tmut/Pois      3%         N/A       95%         5


Dungeon Overview and Level Annotations

Branches:
Dungeon (4/15)             Temple (1/1) D:4

Altars:
Cheibriados
Elyvilon
Fedhas
Kikubaaqudgha
Makhleb
Nemelex Xobeh
Okawaru
Qazlal
Trog
Uskayaw
Vehumet
Wu Jian
Xom


Message History

You hear some strange, mumbled words.
A puff of flame appears from out of thin air!
The puff of flame misses you. The orc hits you with a +0 mace!
You hit the orc.
You kill the orc!
Vehumet accepts your kill. Something hits you but does no damage.
No target in view!
No target in view!
Casting: Frozen Ramparts (dangerous; 2% risk of failure)
Confirm with . or Enter, or press ? or * to list all spells.
Casting: Frozen Ramparts (dangerous; 2% risk of failure)
Press: ? - help, Dir - look around, f - activate The walls around you are covered in ice.
The wall freezes something!
Something hits you but does no damage.
No target in view!
Casting: Frozen Ramparts (dangerous; 2% risk of failure)
Confirm with . or Enter, or press ? or * to list all spells.
You can't see any susceptible monsters within range! (Use Z to cast anyway.)
Your frozen ramparts will break if you move.
Continue? [Y]es or [N]o only, please.
Your frozen ramparts will break if you move.
Continue? [Y]es or [N]o only, please.
Your frozen ramparts will break if you move.
Continue?
Okay, then.
Your frozen ramparts will break if you move.
Continue? [Y]es or [N]o only, please.
Your frozen ramparts will break if you move.
Continue?
Okay, then.
Your frozen ramparts will break if you move.
Continue?
You hit something. You burn something.
The wall freezes something.
You hear some strange, mumbled words.
A puff of flame appears from out of thin air!
The puff of flame hits you!
You swing at nothing.
The wall freezes something but does no damage.
You hear some strange, mumbled words.
A puff of flame appears from out of thin air!
The puff of flame hits you!
You die...

#.#...>..#.......
##.......###......
#..####..###......
#.######..##......
#..##...#..##.....
#.....#......#..#.
#.....##........##
#.#####..####...#
###@#.....#. .###
##.{)..# ## .# #
###..#)### ##
.......).#
#..##?.......?..
#.. #...........
#. #........... #
........(....
###)o.!.......


There were no monsters in sight!

Vanquished Creatures
  A hound (D:4)
  Crazy Yiuf (D:2)
  2 iguanas (D:4)
  An orc wizard (D:2)
  Terence (D:3)
  An adder (D:3)
  A worm (D:2)
  10 orcs
  6 bats
  8 endoplasms
  3 giant cockroaches
  6 goblins
  2 hobgoblins
  4 quokkas
  9 ball pythons
  8 frilled lizards
  9 kobolds
  3 rats
76 creatures vanquished.

Vanquished Creatures (others)
  A fungus (D:2)
  5 plants (D:1)
6 creatures vanquished.

Grand Total: 82 creatures vanquished

Notes
Turn   | Place    | Note
-------+----------+-------------------------------------------
     0 | D:1      | hawla the Deep Elf Ice Elementalist began the quest for the
                  | Orb.
     0 | D:1      | Reached XP level 1. HP: 10/10 MP: 6/6
   417 | D:1      | Reached XP level 2. HP: 12/15 MP: 6/8
   802 | D:1      | Reached skill level 5 in Ice Magic
  1013 | D:1      | Reached XP level 3. HP: 12/19 MP: 6/10
  1410 | D:2      | Learned a level 3 spell: Frozen Ramparts
  1574 | D:2      | Reached XP level 4. HP: 17/24 MP: 4/12
  1913 | D:2      | Found a runed translucent door.
  1914 | D:2      | Noticed Crazy Yiuf
  1922 | D:2      | Killed Crazy Yiuf
  2209 | D:2      | Found a faded altar of an unknown god.
  2453 | D:3      | Reached skill level 5 in Spellcasting
  2463 | D:3      | Found an ornate altar of the Wu Jian Council.
  2777 | D:3      | Reached XP level 5. HP: 23/28 MP: 14/14
  2888 | D:3      | Noticed Terence
  2895 | D:3      | Killed Terence
  3207 | D:4      | Learned a level 4 spell: Hailstorm
  3262 | D:4      | Found a staircase to the Ecumenical Temple.
  3268 | D:4      | Reached skill level 6 in Ice Magic
  3269 | D:4      | Reached skill level 1 in Conjurations
  3279 | Temple   | Entered the Ecumenical Temple
  3379 | Temple   | Became a worshipper of Vehumet
  3459 | D:4      | Killed from afar by an orc wizard

Illustrated notes

Levels and vault maps discovered:
D:1:      saegor_arrival_simple_a, layout_loops_ring, serial_forest,
          infiniplex_forest_clump_C, infiniplex_forest_clump_tiny,
          infiniplex_forest_clump_double, infiniplex_forest_end_double,
          infiniplex_forest_lined_corner, infiniplex_forest_clump_small,
          infiniplex_forest_corner_2, infiniplex_forest_clump_diagonal
D:2:      layout_basic, hellmonk_ecumenical_altar_heavens_door,
          uniq_crazy_yiuf_cottage
D:3:      layout_basic, mainiacjoe_overflow_small_starburst, uniq_terence
D:4:      layout_basic, minmay_temple_entry_wispy
Temple:   nicolae_temple_hex_pool

Skill      XL: |  1  2  3  4  5 |
---------------+----------------+-----
Ice Magic      | 5 6 |  6.0
Spellcasting   | 4 5 |  5.2
Dodging        | 3 |  3.0
Conjurations   | 2 |  2.6
Fighting       | |  0.1
Staves         | |  0.5
Stealth        | |  2.4

Action                   |  1- 3 |  4- 6 || total
-------------------------+-------+-------++-------
Melee: Unarmed           |     8 |       ||     8
       Quarterstaff      |       |    47 ||    47
 Cast: Freeze            |    44 |     8 ||    52
       Frozen Ramparts   |     1 |    11 ||    12
  Use: Scroll            |     2 |       ||     2
 Stab: Sleeping          |       |     3 ||     3
Armor: Robe              |     7 |     9 ||    16
Dodge: Dodged            |    31 |    49 ||    80
